 Dungeon Crawl Stone Soup version 0.17-a0-1324-ga541562 (webtiles) character file.

319 Kidiri the Grasshopper (level 6, -2/30 HPs)
             Began as a Spriggan Warper on June 9, 2015.
             Was an Initiate of Dithmenos.
             Slain by Pikel
             ... wielding a +1 whip of flaming
              (4 damage)
             ... on level 4 of the Dungeon.
             The game lasted 00:18:47 (4392 turns).

Kidiri the Grasshopper (Spriggan Warper)            Turns: 4392, Time: 00:18:48

Health: -2/30      AC:  4    Str:  7    XL:     6   Next: 21%
Magic:  5/12       EV: 19    Int: 16    God:    Dithmenos [......]
Gold:   151        SH:  0    Dex: 16    Spells: 5 memorised, 1 level left

rFire  x . .     SeeInvis +     a - +0 short sword
rCold  + + .     Clarity  .     b - +0 robe
rNeg   . . .     SustAt   .     (shield restricted)
rPois  .         Gourm    .     (helmet restricted)
rElec  .         Spirit   .     y - +1 cloak
rCorr  .         Warding  .     (gloves unavailable)
rMut   .         Stasis   .     (boots unavailable)
MR     +....                    (no amulet)
Stlth  +++.......               n - ring of protection from cold
                                u - ring of ice

@: very quick, somewhat resistant to hostile enchantments, fairly stealthy
A: unfitting armour, see invisible, herbivore 3, speed 3, slow metabolism 2
a: Renounce Religion


You were on level 4 of the Dungeon.
You worshipped Dithmenos.
Dithmenos was noncommittal.
You were not hungry.

You visited 1 branch of the dungeon, and saw 4 of its levels.

You collected 151 gold pieces.

Inventory:

Hand weapons
 a - a +0 short sword (weapon)
 j - a +1 dagger of distortion
 l - a +0 blowgun
Missiles
 e - 5 tomahawks of dispersal (quivered)
 r - 39 poisoned needles
Armour
 b - a +0 robe (worn)
 y - a +1 cloak (worn)
Jewellery
 n - a ring of protection from cold (right hand)
 u - a ring of ice (left hand)
Scrolls
 d - a scroll of blinking
 f - a scroll of remove curse {unknown}
 i - 2 scrolls of immolation {unknown}
 k - 2 scrolls of teleportation {unknown}
 m - a scroll of enchant weapon {unknown}
 q - a scroll of noise {unknown}
 t - a scroll of magic mapping {unknown}
Potions
 g - a potion of curing
 h - 4 potions of might
 o - 2 potions of lignification {unknown}
 p - a potion of haste
 s - 2 potions of agility {unknown}
 v - a potion of invisibility
 x - a potion of ambrosia {unknown}
Books
 c - a book of Spatial Translocations

   Spells                             Type                      Level
   a - Apportation                    Translocation                1
   b - Blink                          Translocation                2
   c - Shroud of Golubria             Charms/Translocation         2
   d - Portal Projectile              Translocation                3
   e - Teleport Other                 Translocation                3
   f - Passage of Golubria            Translocation                4
Comestibles
 w - a bread ration


   Skills:
 + Level 2.1 Fighting
 + Level 3.5 Short Blades
 + Level 2.2 Throwing
 + Level 4.5 Dodging
 * Level 3.8 Stealth
 + Level 3.6 Spellcasting
 + Level 2.6 Charms
 + Level 5.5 Translocations


You had one spell level left.
You knew the following spells:

 Your Spells              Type           Power        Failure   Level  Hunger
a - Apportation           Tloc           ###.......   1%          1    None
b - Blink                 Tloc           N/A          3%          2    ##.....
c - Shroud of Golubria    Chrm/Tloc      ###.......   6%          2    ##.....
d - Portal Projectile     Tloc           ###...       8%          3    ###....
e - Teleport Other        Tloc           ###.....     8%          3    ###....


Dungeon Overview and Level Annotations

Branches:
Dungeon (4/15)
 Temple: D:4-7

Altars:
Ashenzari
Cheibriados
Dithmenos
Fedhas
Kikubaaqudgha
Makhleb
Vehumet
Xom

Annotations:
D:4 Pikel


Innate Abilities, Weirdness & Mutations

You are tiny and cannot use many weapons and most armour.
You have supernaturally acute eyesight.
You are a herbivore.
You cover ground extremely quickly.
You need consume almost no food.


Message History

You closely miss Pikel.
Pikel is moderately wounded.
Your shroud bends Pikel's attack away.
You closely miss Pikel.
Pikel is moderately wounded.
Pikel hits you with a whip of flaming!
Your shroud falls apart!
Pikel burns you.
* * * LOW HITPOINT WARNING * * *
You hit Pikel.
Pikel is heavily wounded.
Pikel misses you.
You hit Pikel but do no damage.
Pikel is heavily wounded.
You hit Pikel.
Pikel is severely wounded.
Pikel hits you with a whip of flaming!
* * * LOW HITPOINT WARNING * * *
Pikel burns you.
You die...

............#.....#
.............[...#
.........#####...#
##.....### #..###
###...##
##..[.####.# #..##
#..........# ##.#
#..pp####... #.#
#...#K# .# #..###@#
....# #...# ....#
#....# .... #...##.
... ....# #. ..
.#..# .. # ##. ..
#. .#.


You could see Pikel and 2 slaves.

Vanquished Creatures
  Sigmund (D:2)
  A slave (D:4)
  Terence (D:3)
  4 adders
  2 oozes
  2 worms
  2 giant geckos
  8 orcs (D:3)
  A ball python (D:1)
  A bat skeleton (D:4)
  13 hobgoblins
  12 bats
  4 giant cockroaches
  9 goblins
  3 jackals (D:4)
  9 kobolds
  9 rats
82 creatures vanquished.

Notes
Turn   | Place    | Note
--------------------------------------------------------------
     0 | D:1      | Kidiri the Spriggan Warper began the quest for the Orb.
     0 | D:1      | Reached XP level 1. HP: 10/10 MP: 5/5
   530 | D:1      | Reached XP level 2. HP: 8/14 MP: 6/6
   697 | D:1      | Learned a level 2 spell: Blink
   700 | D:1      | Learned a level 2 spell: Shroud of Golubria
  1355 | D:1      | Reached XP level 3. HP: 16/18 MP: 8/8
  1360 | D:1      | Learned a level 3 spell: Portal Projectile
  1942 | D:2      | Reached skill level 1 in Stealth
  2241 | D:2      | Reached skill level 1 in Charms
  2284 | D:2      | Noticed Sigmund
  2316 | D:2      | Killed Sigmund
  2316 | D:2      | Reached skill level 5 in Translocations
  2316 | D:2      | Reached XP level 4. HP: 17/23 MP: 8/10
  2316 | D:2      | Reached XP level 5. HP: 19/26 MP: 8/11
  2322 | D:2      | Learned a level 3 spell: Teleport Other
  2548 | D:2      | Found a snail-covered altar of Cheibriados.
  3327 | D:3      | Found a shattered altar of Ashenzari.
  3334 | D:3      | Found a snail-covered altar of Cheibriados.
  3334 | D:3      | Found an ancient bone altar of Kikubaaqudgha.
  3334 | D:3      | Found a radiant altar of Vehumet.
  3336 | D:3      | Found a blossoming altar of Fedhas.
  3336 | D:3      | Found a burning altar of Makhleb.
  3336 | D:3      | Found a shadowy altar of Dithmenos.
  3336 | D:3      | Found a shimmering altar of Xom.
  3392 | D:3      | Became a worshipper of Dithmenos the Shadowed
  3419 | D:3      | Reached XP level 6. HP: 30/30 MP: 12/12
  3425 | D:3      | Noticed Terence
  3430 | D:3      | Killed Terence
  4367 | D:4      | Noticed Pikel
  4392 | D:4      | Slain by Pikel

Vault maps used:
D:1:      dpeg_arrival_pond, minmay_cut_off
D:2:      minmay_misc_feat_pillars, lemuel_tele_altar, uniq_sigmund
D:3:      grunt_temple_overflow_open, first_bread, uniq_terence
D:4:      minmay_temple_entry_trees, serial_shops, nicolae_shop_statue_plus,
          uniq_pikel

Action                   |  1- 3 |  4- 6 || total
-------------------------+-------+-------++-------
Melee: Short sword       |   155 |   190 ||   345
 Fire: Blowgun           |       |     4 ||     4
 Cast: Apportation       |     9 |     4 ||    13
       Shroud of Golubri |     5 |     6 ||    11
       Teleport Other    |       |     1 ||     1
       Portal Projectile |       |     2 ||     2
  Use: Scroll            |       |     4 ||     4
 Stab: Sleeping          |     1 |     7 ||     8
       Distracted        |       |     1 ||     1
  Eat: Bread ration      |       |     1 ||     1
